 Dungeon Crawl Stone Soup version 0.30-a0-622-gddc90eaa04 (webtiles) character file.

Game seed: 2257007865051269267

619 ragingrage the Cutter (level 7, -11/60 HPs)
             Began as a Naga Warper on Jan 10, 2023.
             Mangled by a yak (16 damage)
             ... on level 5 of the Dungeon.
             The game lasted 00:04:39 (4571 turns).

ragingrage the Cutter (Naga Warper)                 Turns: 4571, Time: 00:04:39

Health: -11/60     AC:  5    Str: 13    XL:     7   Next: 46%
Magic:  7/10       EV:  9    Int: 14    God:
Gold:   186        SH:  0    Dex: 12    Spells: 8/10 levels left

rFire   . . .      SeeInvis +    b - +0 short sword (venom)
rCold   . . .      Faith    .    (no shield)
rNeg    . . .      Spirit   .    f - +0 leather armour
rPois   +          Reflect  .    t - +2 hat
rElec   .          Harm     .    (no cloak)
rCorr   .          Rampage  .    (no gloves)
Will    .....                    (no barding)
Stlth   +++                      (no amulet)
HPRegen 0.30/turn                (no ring)
MPRegen 0.12/turn                (no ring)

@: very slow
A: AC +2, large, see invisible, deformed body, poison resistance, slowness 2,
spit poison 1, naga tail 1
a: Spit Poison


You were on level 5 of the Dungeon.
You visited 1 branch of the dungeon, and saw 5 of its levels.

You collected 186 gold pieces.

Inventory:

Hand Weapons
 a - a +0 falchion
 b - a +0 short sword of venom (weapon)
 u - a +0 sling
Missiles
 d - 2 boomerangs of dispersal (quivered)
 e - 5 poisoned darts
 k - 3 boomerangs
Armour
 f - a +0 leather armour (worn)
 t - a +2 hat (worn)
Magical Staves
 p - a staff of poison
Jewellery
 h - a ring of protection from cold
Wands
 l - a wand of polymorph (3)
 q - a wand of charming (6)
 v - a wand of roots (10)
 w - a wand of mindburst (11)
Scrolls
 c - 2 scrolls of blinking
 g - 8 scrolls of identify
 m - 2 scrolls of teleportation
 o - a scroll of noise {unknown}
Potions
 i - a potion of mutation {unknown}
 j - 2 potions of heal wounds
 n - 2 potions of haste
 r - 2 potions of curing
 s - a potion of might {unknown}
 x - a potion of berserk rage {unknown}


   Skills:
 - Level 2.0 Fighting
 + Level 6.0(6.3) Short Blades
 - Level 2.8(4.8) Long Blades
 - Level 0.8 Throwing
 - Level 0.7 Armour
 - Level 1.5 Dodging
 + Level 5.7 Stealth
 - Level 2.0 Spellcasting
 + Level 3.5 Translocations


You had 8 spell levels left.
You knew the following spells:

 Your Spells              Type           Power      Damage    Failure   Level
a - Blink                 Tloc           22%        N/A       11%         2

Your spell library contained the following spells:

 Spells                   Type           Power      Damage    Failure   Level
 Gell's Gravitas          Tloc           11%        N/A       22%         3
 Lesser Beckoning         Tloc           22%        N/A       22%         3
 Teleport Other           Tloc           11%        N/A       22%         3
 Foxfire                  Conj/Fire      4%         2x1d4     30%         1
 Vhi's Electric Charge    Tloc/Air       12%        N/A       41%         3
 Manifold Assault         Tloc           11%        N/A       56%         4
 Hailstorm                Conj/Ice       1%         3d3       65%         3
 Summon Guardian Golem    Hex/Summ       1%         N/A       65%         3
 Ice Form                 Ice/Tmut       1%         N/A       96%         4
 Fireball                 Conj/Fire      0%         3d3       100%        5
 Dispersal                Tloc           5%         N/A       100%        6
 Simulacrum               Ice/Necr       0%         N/A       100%        6
 Starburst                Conj/Fire      0%         6d3       100%        6
 Orb of Destruction       Conj           0%         9d5       100%        7
 Spellforged Servitor     Conj/Summ      0%         N/A       100%        7


Dungeon Overview and Level Annotations

Branches:
Dungeon (5/15)
 Temple: D:4-7

Altars:
Kikubaaqudgha
Qazlal

Annotations:
D:2 1 runed translucent door, Crazy Yiuf


Innate Abilities, Weirdness & Mutations

Your serpentine skin is tough. (AC +2)
You have supernaturally acute eyesight. (SInv)
Armour fits poorly on your strangely shaped body.
Your system is resistant to poisons. (rPois)
You cover ground very slowly.
You can spit poison.
You have a snake-like lower body.


Message History

The yak barely misses you. The yak gores you!
There is a stone staircase leading down, spattered with blood here.
The yak closely misses you. The yak gores you.
You climb downwards.
You hear the sound of rushing water.
There is an entrance to a sewer on this level.
Hurry and find it before the portal rusts away!
There is a stone staircase leading up here.
Unknown command.
Unknown command.
Throw: 5 boomerangs (disperse)
Press: ? - help, Shift-Dir - straight line, f - yak
Aim: a yak (almost dead, very poisoned, 69% to hit)
You throw a boomerang of dispersal.
The boomerang of dispersal barely misses the yak.
You feel stable enough to blink again. The yak gores you!
* * * LOW HITPOINT WARNING * * *
The yak gores you.
* * * LOW HITPOINT WARNING * * *
Your magical contamination has completely faded away.
You don't have any such object.
Fire/throw/use which item? ([*] to toss any item) (? for menu, Esc to quit)
Okay, then.
Unknown command.
Throw: 4 boomerangs (disperse)
Press: ? - help, Shift-Dir - straight line, f - yak, p - yak
Aim: a yak (69% to hit)
You throw a boomerang of dispersal.
The boomerang of dispersal hits the yak.
The yak blinks!
The yak is lightly wounded.
The yak gores you but does no damage.
Throw: 3 boomerangs (disperse)
Press: ? - help, Shift-Dir - straight line, f/p - yak
Aim: a yak (lightly wounded, 69% to hit)
You throw a boomerang of dispersal.
The boomerang of dispersal hits the yak but does no damage.
The yak is almost dead.
The yak gores you!
You die...

########
#.....@#
#.####§Y..Y...
#########


You could see 2 yaks.

Vanquished Creatures
  3 ogres (D:4)
  5 hounds
  A jelly (D:4)
  Terence (D:3)
  Natasha (D:2)
  6 adders
  A worm (D:2)
  A dart slug (D:4)
  6 orcs
  7 ball pythons
  3 bats
  7 endoplasms
  5 giant cockroaches
  5 goblins
  7 hobgoblins
  7 jackals (D:2)
  8 kobolds
  2 quokkas
  5 frilled lizards
  6 rats
87 creatures vanquished.

Notes
Turn   | Place    | Note
-------+----------+-------------------------------------------
     0 | D:1      | ragingrage the Naga Warper began the quest for the Orb.
     0 | D:1      | Reached XP level 1. HP: 19/19 MP: 3/3
   146 | D:1      | Reached XP level 2. HP: 26/26 MP: 5/5
   315 | D:1      | Reached skill level 1 in Short Blades
   485 | D:1      | Reached XP level 3. HP: 20/32 MP: 6/6
   870 | D:2      | Learned a level 2 spell: Blink
   957 | D:2      | Reached skill level 2 in Short Blades
  1325 | D:2      | Reached XP level 4. HP: 27/39 MP: 7/7
  1467 | D:2      | Reached skill level 3 in Short Blades
  1548 | D:2      | Noticed Natasha
  1557 | D:2      | Killed Natasha
  1854 | D:2      | Found a runed translucent door.
  1855 | D:2      | Noticed Crazy Yiuf
  1965 | D:3      | Noticed Terence
  1983 | D:3      | Killed Terence
  1984 | D:3      | Reached XP level 5. HP: 12/45 MP: 8/8
  2304 | D:3      | Reached skill level 4 in Short Blades
  2343 | D:3      | Found an ancient bone altar of Kikubaaqudgha.
  2346 | D:3      | Found a stormy altar of Qazlal.
  3333 | D:4      | Reached skill level 1 in Stealth
  3369 | D:4      | Noticed an ogre
  3383 | D:4      | Reached XP level 6. HP: 17/52 MP: 9/9
  3384 | D:4      | Reached skill level 5 in Short Blades
  4013 | D:4      | Reached XP level 7. HP: 26/60 MP: 7/10
  4169 | D:4      | Reached skill level 5 in Stealth
  4256 | D:4      | Reached skill level 6 in Short Blades
  4536 | D:5      | Entered Level 5 of the Dungeon
  4540 | D:5      | Noticed a yak
  4540 | D:5      | Noticed a yak
  4540 | D:5      | Noticed a yak
  4540 | D:5      | Noticed a yak
  4541 | D:5      | Noticed a yak
  4571 | D:5      | Mangled by a yak

Illustrated notes

Levels and vault maps discovered:
D:1:      dpeg_arrival_renting, layout_loops_ring
D:2:      layout_basic, uniq_crazy_yiuf_cottage, uniq_natasha
D:3:      layout_basic, nicolae_overflow_squiral, uniq_terence
D:4:      layout_gridville, minmay_fractal_squares_5
D:5:      layout_loops_ring, cheibrodos_sewer_entry_bend, chequers_avenue,
          minmay_misc_feat_nine_boxes, minmay_hollow_rounded_squares

Skill      XL: |  1  2  3  4  5  6  7 |
---------------+----------------------+-----
Short Blades   | 1 2 3 4 5 6 |  6.0
Stealth        | 2 4 5 |  5.7
Fighting       | |  2.0
Long Blades    | |  2.8
Throwing       | |  0.8
Armour         | |  0.7
Dodging        | |  1.5
Spellcasting   | |  2.0
Translocations | |  3.5

Action                   |  1- 3 |  4- 6 |  7- 9 || total
-------------------------+-------+-------+-------++-------
Melee: Falchion          |    18 |       |       ||    18
       Short sword       |   102 |   160 |    36 ||   298
       Punch             |     1 |       |       ||     1
Throw: Dart              |       |     2 |       ||     2
       Boomerang         |       |     2 |     3 ||     5
 Cast: Blink             |       |     1 |     1 ||     2
 Abil: Spit Poison       |     4 |     5 |     1 ||    10
  Use: Potion            |       |     4 |     1 ||     5
       Scroll            |       |     1 |     2 ||     3
 Stab: Sleeping          |       |     1 |     3 ||     4
Armor: Leather armour    |    20 |    61 |    12 ||    93
Dodge: Dodged            |    59 |    62 |    14 ||   135

Table legend: (Time is in decaauts)
 A = Elapsed time spent in this place.
 B = Non-inter-level travel time spent in this place.
 C = Inter-level travel time spent in this place.
 D = Time resting spent in this place.
 E = Time spent auto-exploring this place.
 F = Levels seen in this place.
 G = Mean time per level.
                   A        B        C        D        E       F      G
               +--------+--------+--------+--------+--------+-----+--------+
         Total |   5586 |   5389 |    197 |   1084 |   3387 |   5 | 1117.2 |
       Dungeon |   5586 |   5389 |    197 |   1084 |   3387 |   5 | 1117.2 |
               +--------+--------+--------+--------+--------+-----+--------+

Top non-repeatable levels by time:
     D:4: 1722 daAuts
     D:3: 1517 daAuts
     D:1: 1237 daAuts
     D:2: 1092 daAuts
     D:5: 17 daAuts
